 Dungeon Crawl Stone Soup version 0.30.0 (webtiles) character file.

Game seed: 15353474153865917236

62 Dani the Chopper (level 3, -3/29 HPs)
             Began as a Demonspawn Fighter on May 20, 2023.
             Slain by a goblin
             ... wielding a +2 dagger of speed
             ... led by Robin
              (4 damage)
             ... on level 2 of the Dungeon.
             The game lasted 00:01:54 (1204 turns).

Dani the Chopper (Demonspawn Fighter)               Turns: 1204, Time: 00:01:55

Health: -3/29      AC:  6    Str: 16    XL:     3   Next: 85%
Magic:  3/3        EV:  8    Int: 11    God:
Gold:   67         SH:  4    Dex: 12    Spells: 2/2 levels left

rFire   . . .        a - +0 war axe
rCold   . . .        c - +0 buckler
rNeg    . . .        b - +0 scale mail
rPois   .            (no helmet)
rElec   .            (no cloak)
rCorr   .            (no gloves)
SInv    .            (no boots)
Will    .....        (no amulet) Stlth
                     (no ring)
HPRegen 0.24/turn    (no ring)
MPRegen 0.08/turn

%: no passive effects
@: no status effects
A: powered by pain 1
a: no special abilities


You were on level 2 of the Dungeon.
You visited 1 branch of the dungeon, and saw 2 of its levels.

You collected 67 gold pieces.

Inventory:

Hand Weapons
 a - a +0 war axe (weapon)
Armour
 b - a +0 scale mail (worn)
 c - a +0 buckler (worn)
Scrolls
 R - 2 scrolls of identify {@r1}
Potions
 d - a potion of might
 e - a potion of degeneration {unknown}
 f - a potion of haste {unknown}
 g - a potion of heal wounds {unknown}
 h - a potion of invisibility {unknown}


   Skills:
 - Level 3.0 Fighting
 + Level 3.8 Axes
 - Level 2.6 Armour
 - Level 2.6 Shields


You had 2 spell levels left.
You didn't know any spells.
Your spell library contained the following spells:

 Spells                   Type           Power      Damage    Failure   Level
 Call Canine Familiar     Summ           0%         N/A       99%         3
 Frozen Ramparts          Ice            0%         1d1       99%         3
 Portal Projectile        Hex/Tloc       0%         N/A       99%         3
 Ice Form                 Ice/Tmut       0%         N/A       100%        4
 Leda's Liquefaction      Hex/Erth       0%         N/A       100%        4
 Summon Ice Beast         Ice/Summ       0%         N/A       100%        4


Dungeon Overview and Level Annotations

Branches:
Dungeon (2/15)

Altars:


Innate Abilities, Weirdness & Mutations

You sometimes gain a little power by taking damage.


Message History

You are too injured to fight recklessly!
You are too injured to fight recklessly!
You are too injured to fight recklessly!
You are too injured to fight recklessly!
You are too injured to fight recklessly!
You are too injured to fight recklessly!
You are too injured to fight recklessly!
You are too injured to fight recklessly!
You are too injured to fight recklessly!
You are too injured to fight recklessly!
You are too injured to fight recklessly!
You are too injured to fight recklessly!
You are too injured to fight recklessly!
You are too injured to fight recklessly!
You closely miss the hobgoblin.
The hobgoblin is heavily wounded.
You miss the goblin.
The hobgoblin no longer looks unusually strong.
The goblin hits you with a +0 dagger.
* * * LOW HITPOINT WARNING * * *
The hobgoblin hits you.
* * * LOW HITPOINT WARNING * * *
You barely miss the hobgoblin.
The hobgoblin is heavily wounded.
You slash the goblin!
You kill the goblin!
Robin roars a battlecry!
The hobgoblin goes into a battle-frenzy!
The hobgoblin hits you.
* * * LOW HITPOINT WARNING * * *
The hobgoblin closely misses you.
You barely miss the hobgoblin.
The hobgoblin is heavily wounded.
Robin roars a battlecry!
The hobgoblin hits you.
* * * LOW HITPOINT WARNING * * *
You hear a shout! x2
You closely miss the hobgoblin.
The hobgoblin is heavily wounded.
The hobgoblin hits you but does no damage.
You hit the hobgoblin.
You kill the hobgoblin!
Robin barely misses you.
You slash Robin!
Robin is heavily wounded.
Robin hits you but does no damage.
Okay, then.
Okay, then.
You feel better. Robin barely misses you.
A goblin comes into view. It is wielding a +0 dagger.
You hit Robin but do no damage.
Robin is heavily wounded.
You block Robin's attack. Robin hits you but does no damage.
You closely miss Robin.
Robin is heavily wounded.
Robin hits you with a +0 whip.
* * * LOW HITPOINT WARNING * * *
You hit Robin.
Robin is heavily wounded.
Robin throws the goblin at you!
A hobgoblin comes into view.
The goblin hits you with a +0 dagger.
* * * LOW HITPOINT WARNING * * *
You hit Robin but do no damage.
Robin is heavily wounded.
You barely miss the goblin. Robin hits you but does no damage.
The goblin barely misses you. Robin misses you.
The goblin hits you with a +0 dagger.
* * * LOW HITPOINT WARNING * * *
You hit Robin.
Robin is almost dead.
You closely miss the goblin. Robin barely misses you.
The goblin hits you but does no damage.
You barely miss Robin.
Robin is almost dead.
You closely miss the goblin. Robin hits you with a +0 whip.
* * * LOW HITPOINT WARNING * * *
You block the goblin's attack.
A goblin comes into view. It is wielding a +2 dagger of speed.
You slash Robin!
You kill Robin!
You miss the goblin.
The goblin no longer looks unusually strong.
The goblin hits you but does no damage. The goblin hits you with a +0 dagger.
* * * LOW HITPOINT WARNING * * *
You block the hobgoblin's attack.
You slash the hobgoblin!
You kill the hobgoblin!
You closely miss the goblin. The goblin hits you but does no damage.
A goblin comes into view. It is wielding a +0 dagger.
You barely miss the goblin.
The goblin shouts!
You hit the goblin. The goblin barely misses you.
The goblin closely misses you.
The goblin hits you with a +2 dagger of speed.
* * * LOW HITPOINT WARNING * * *
You barely miss the goblin. You hit the goblin.
You kill the goblin!
The goblin hits you with a +2 dagger of speed.
You die...

####...###########...####
+..................)....+
####...###########...##.#
##.## #..###.# # .#
#.#### #..# #.# . ..#
#....# #..# #.# # #+##.#
####.# #..###.# # #.##.#
#)# #......# ###.##.# #@#
##.##### ##.....# #g#
#......
##...#.#########g#
#.###..
#.....#..g.g.g...# #.#
#.# g...g..###########
#.# #.# ###.#### #.###.#
### #.....# #.#####
#.#####


You could see 2 goblins.

Vanquished Creatures
  Robin (D:2)
  An adder (D:2)
  A worm (D:2)
  2 dart slugs
  An endoplasm (D:2)
  A giant cockroach (D:1)
  7 hobgoblins
  A quokka (D:1)
  2 ball pythons
  5 bats
  A frilled lizard (D:1)
  8 goblins
  2 kobolds (D:1)
  3 rats
36 creatures vanquished.

Notes
Turn   | Place    | Note
-------+----------+-------------------------------------------
     0 | D:1      | Dani the Demonspawn Fighter began the quest for the Orb.
     0 | D:1      | Reached XP level 1. HP: 18/18 MP: 1/1
   124 | D:1      | Reached skill level 2 in Axes
   288 | D:1      | Gained mutation: You sometimes gain a little power by
                  | taking damage. [demonic ancestry]
   288 | D:1      | Reached XP level 2. HP: 23/24 MP: 2/2
   713 | D:2      | Reached skill level 3 in Axes
   955 | D:2      | HP: 4/24 [poisoned by an adder]
   958 | D:2      | HP: 1/24 [poisoned by an adder]
   959 | D:2      | Reached XP level 3. HP: 1/29 MP: 3/3
  1129 | D:2      | Noticed Robin
  1189 | D:2      | HP: 7/29 [hobgoblin[Robin] (1)]
  1190 | D:2      | HP: 2/29 [hobgoblin[Robin] (5)]
  1197 | D:2      | HP: 7/29 [goblin/+0 dagger[Robin] (2)]
  1201 | D:2      | Killed Robin
  1201 | D:2      | HP: 3/29 [goblin/+0 dagger[Robin] (1)]
  1203 | D:2      | HP: 1/29 [goblin/+2 dagger of speed[Robin] (3)]
  1204 | D:2      | Slain by a goblin

Illustrated notes

Levels and vault maps discovered:
D:1:      dpeg_arrival_castle, layout_basic
D:2:      layout_loops_corners, grunt_ministairs_10, uniq_robin

Skill      XL: |  1  2 |
---------------+-------+-----
Axes           | 2 3 |  3.8
Fighting       | |  3.0
Armour         | |  2.6
Shields        | |  2.6

Action                     || total
---------------------------++-------
  Melee: War axe           ||   122
    Use: Scroll            ||     4
         Potion            ||     2
 Armour: Scale mail        ||    91
  Dodge: Dodged            ||    80
  Block: Buckler           ||    36

Levels and vault maps discovered:
D:1:      dpeg_arrival_castle, layout_basic
D:2:      layout_loops_corners, grunt_ministairs_10, uniq_robin

Table legend: (Time is in decaauts)
 A = Elapsed time spent in this place.
 B = Non-inter-level travel time spent in this place.
 C = Inter-level travel time spent in this place.
 D = Time resting spent in this place.
 E = Time spent auto-exploring this place.
 F = Levels seen in this place.
 G = Mean time per level.
                   A        B        C        D        E       F      G
               +--------+--------+--------+--------+--------+-----+--------+
         Total |   1257 |   1228 |     29 |      0 |    911 |   2 |  628.5 |
       Dungeon |   1257 |   1228 |     29 |      0 |    911 |   2 |  628.5 |
               +--------+--------+--------+--------+--------+-----+--------+

Top non-repeatable levels by time:
     D:2: 639 daAuts
     D:1: 617 daAuts

Table legend:
 A = Kills in this place as a percentage of kills in the entire game.
 B = Kills by you in this place as a percentage of kills by you in the entire game.
 C = Kills by friends in this place as a percentage of kills by friends in the entire game.
 D = Other kills in this place as a percentage of other kills in the entire game.
 E = Experience gained in this place as a percentage of experience gained in the entire game.
 F = Experience gained in this place divided by the number of levels of this place that you have seen.
                   A       B       C       D       E      F
               +-------+-------+-------+-------+-------+----------------------
         Total | 100.0 | 100.0 |   N/A |   N/A | 100.0 |  45.5
       Dungeon | 100.0 | 100.0 |   N/A |   N/A | 100.0 |  45.5
               +-------+-------+-------+-------+-------+----------------------
